Unix NetHack Version 5.0.0-0 post-release - last build Jul 19 2026 19:10:59 (3aa4ab31751d3886436d94b585a96704892fd477,branch:main).

Game began 2026-07-26 01:05:44, ended 2026-07-26 01:26:46.

Jamofthetoe, lawful female dwarven Valkyrie

 -------                 -----------     -------------
 |.....|                #..........|     |...........|
 |.....|                #|.......%..#### |...........|
 ||....|                #|.........|#  # |...........|
 |.....|                #-----------   ##............|               ---------
 |<....|                ##               ---.-------.-               |.))))[)|
 -.-----                 #                  ###                      |.))))))|
  #                      #                 ####                ######-.))))))|
  #                      #                    ##%##B@####      #     |))).[.)|
  #                      #                        ------|--   ##     |.).)[))|
  #                      ###                      |.......-####      ---------
  ###                      #                      |.......|
    #            ----------#                      |.......|
   -|--#----    #-........|#                      |.......|
   |.......|#####|........|#                      ---------
   |..(....|#    |....>...|#
   |.)......#    |.........#
   ---------     ----------

Jamofthetoe the Skirmisher  St:16 Dx:13 Co:19 In:7 Wi:11 Ch:9  Lawful S:669
Dlvl:2  $:23 HP:0(45) Pw:4(4) AC:6  Xp:4 T:1430 

Latest messages:
 You hear a jackal howling at the moon.
 You can move again.
 What do you want to eat? [dh or ?*] d
 This food really hits the spot!
 You stop eating the food ration.
 You feel hungry.
 What do you want to eat? [dh or ?*] d
 You resume your meal.
 You finish eating the food ration.
 You hit the floating eye!
 You are frozen by the floating eye's gaze!
 You can move again.
 You kill the floating eye!
 You miss the coyote.
 The coyote bites!
 You kill the coyote!
 You miss the newt.
 You kill the newt!
 The giant bat bites!
 You hit the giant bat.
 The giant bat bites!
 The giant bat bites!
 You miss the giant bat.
 The giant bat misses!
 The giant bat bites!
 You miss the giant bat.
 The giant bat bites!
 The giant bat misses!
 You miss the giant bat.
 The giant bat bites!
 The giant bat bites!
 You hit the giant bat!
 The giant bat bites!
 The giant bat bites!
 You miss the giant bat.
 b - a +0 dagger (at the ready).
 There is a newt corpse here; eat it? [ynq] (n) n
 There is a floating eye corpse here; eat it? [ynq] (n) y
 This floating eye corpse is fatty.
 You stop eating the floating eye corpse.
 There is a newt corpse here; eat it? [ynq] (n) n
 There is a partly eaten floating eye corpse here; eat it? [ynq] (n) y
 You resume your meal.
 You finish eating the floating eye corpse.
 You feel a strange mental acuity.
 The giant bat bites!
 You miss the giant bat.
 The giant bat bites!
 You die...
 Do you want your possessions identified? [ynq] (y) q

Inventory:
 Coins    ('$')
  $ - 23 gold pieces
 Weapons  (')')
  b - a +0 dagger (at the ready)
  a - a +1 dwarvish spear (weapon in left hand)
 Armor    ('[')
  c - an uncursed +3 small shield (being worn)
 Comestibles  ('%')
  h - an uncursed banana
 Scrolls  ('?')
  g - an uncursed scroll of confuse monster
 Rings    ('=')
  f - an uncursed ring of invisibility
 Tools    ('(')
  e - an uncursed oil lamp
  i - an uncursed tallow candle

Jamofthetoe the Valkyrie's attributes:

Background:
 You were a Skirmisher, a level 4 dwarven Valkyrie.
 You were lawful, nominally on a mission for Tyr
 who was opposed by Odin (neutral) and Loki (chaotic).
 You were left-handed.
 You were in the Dungeons of Doom, on level 2.
 You entered the dungeon 1430 turns ago.
 It was nighttime.
 You had 149 experience points, 11 more were needed to attain level 5.
 Your score was 669 before end-of-game adjustments.

Basics:
 You had 0 out of 45 hit points.
 You had all 4 energy points (spell power).
 Your armor class was 6.
 Your wallet contained 23 zorkmids.
 Autopickup was on for '$?!/(' plus thrown, with exceptions.

Final Characteristics:
 Your strength was 16 (limit:18/100).
 Your dexterity was 13 (limit:20).
 Your constitution was 19 (limit:20).
 Your intelligence was 7 (limit:16).
 Your wisdom was 11 (limit:16).
 Your charisma was 9 (limit:16).

Final Status:
 You weren't hungry.
 You were unencumbered.
 You were wielding a spear.
 You had basic skill with spear.

Final Attributes:
 You were devoutly aligned.
 You were cold resistant.
 You were telepathic.
 You had infravision.
 You were stealthy.
 You are dead.

Miscellaneous:
 You didn't encounter any bones levels.
 Total elapsed playing time was 9 minutes and 5 seconds.

Major events:
 Turn
    1: Jamofthetoe the lawful dwarven Valkyrie entered the dungeon
  114: attained the rank of Skirmisher (level 3)
 1430: killed by a giant bat

You didn't know any spells.

Skills:
 Fighting Skills
   bare handed combat [Unskilled]
   two weapon combat  [Unskilled]
   riding             [Unskilled]
 Weapon Skills
   dagger             [Basic]
   axe                [Unskilled]
   pick-axe           [Unskilled]
   short sword        [Unskilled]
   broadsword         [Unskilled]
   long sword         [Unskilled]
   two-handed sword   [Unskilled]
   saber              [Unskilled]
   hammer             [Unskilled]
   quarterstaff       [Unskilled]
   polearms           [Unskilled]
   spear              [Basic]
   trident            [Unskilled]
   lance              [Unskilled]
   sling              [Unskilled]
 Spellcasting Skills
   attack spells      [Unskilled]
   escape spells      [Unskilled]

Voluntary challenges:
 Character rerolling was not enabled.
 You were an atheist.
 You were illiterate.
 You never genocided any monsters.
 You never polymorphed an object.
 You never changed form.
 You used no wishes.
Achievements:
 You attained the rank of Skirmisher.
 You entered a shop.

 The Dungeons of Doom: levels 1 to 2
    Level 1:
       A fountain.
    Level 2: <- You were here.
       A weapon shop, a grave.
       Final resting place for
          you, killed by a giant bat.


Vanquished creatures:
  6 fog clouds
  2 floating eyes
  a giant bat
 an orc zombie
 an iguana
 an acid blob
  2 coyotes
  8 manes
  a large kobold
  a hobgoblin
  a cave spider
  a gecko
  a fox
  3 grid bugs
  2 lichens
  2 newts
34 creatures vanquished.

No species were genocided or became extinct.

Game over:
                       ----------
                      /          \
                     /    REST    \
                    /      IN      \
                   /     PEACE      \
                  /                  \
                  |   Jamofthetoe    |
                  |      23 Au       |
                  |   killed by a    |
                  |    giant bat     |
                  |                  |
                  |                  |
                  |       2026       |
                 *|     *  *  *      | *
        _________)/\\_//(\/(/\)/\//\/|_)_______

Farvel Jamofthetoe the Valkyrie...

You died in The Dungeons of Doom on dungeon level 2 with 667 points,
and 23 pieces of gold, after 1430 moves.
You were level 4 with a maximum of 45 hit points when you died.

